 Dungeon Crawl Stone Soup version 0.17-a0-1760-ga6756ae (webtiles) character file.

88 kae the Slasher (level 4, 0/43 HPs)
             Began as a High Elf Skald on Sept 3, 2015.
             Succumbed to an adder's poison
             ... on level 2 of the Dungeon.
             The game lasted 00:04:19 (2860 turns).

kae the Slasher (High Elf Skald)                    Turns: 2860, Time: 00:04:19

Health: 0/43       AC: 22    Str: 11      XL:     4   Next: 29%
Magic:  14/17      EV:  2    Int: 13 (15) God:
Gold:   99         SH:  6    Dex: 16      Spells: 1 memorised, 6 levels left

rFire  . . .     SeeInvis .     a - +0 falchion
rCold  . . .     Clarity  .     (armour currently unavailable)
rNeg   + + +     SustAt   .     p - +3 buckler
rPois  +         Gourm    .     (helmet currently unavailable)
rElec  .         Spirit   .     (cloak currently unavailable)
rCorr  .         Warding  .     (gloves currently unavailable)
rMut   .         NoTele   +     (boots currently unavailable)
MR     .....                    n - amulet of inaccuracy (curse)
Stlth  +.........               (no ring)
                                o - ring of magical power

@: lethally poisoned (0 -> -7), tree-form, infused (expiring), not resistant to
hostile enchantments, very unstealthy
A: no striking features
a: no special abilities


You were on level 2 of the Dungeon.
You were hungry.
You were a tree.
You visited 1 branch of the dungeon, and saw 2 of its levels.

You collected 99 gold pieces.

Inventory:

Hand weapons
 a - a +0 falchion (weapon)
Armour
 b - a +0 leather armour (melded)
 p - a +3 buckler (worn)
Jewellery
 i - an uncursed amulet of resist mutation
 n - a cursed amulet of inaccuracy (around neck)
 o - a ring of magical power (left branch)
Scrolls
 m - 4 scrolls of identify
Potions
 j - a potion of curing
Books
 c - a book of Battle

   Spells                             Type                      Level
   a - Infusion                       Charms                       1
   b - Shroud of Golubria             Charms/Translocation         2
   c - Song of Slaying                Charms                       2
   d - Spectral Weapon                Hexes/Charms                 3
   e - Regeneration                   Charms/Necromancy            3
Comestibles
 d - 5 bread rations
 f - 2 beef jerkies
 k - 3 meat rations
 s - a slice of pizza


   Skills:
 - Level 2.0 Fighting
 + Level 5.5 Long Blades
 - Level 0.8 Armour
 - Level 1.1 Dodging
 - Level 2.4 Spellcasting
 - Level 3.6 Charms


You had 6 spell levels left.
You knew the following spells:

 Your Spells              Type           Power        Failure   Level  Hunger
a - Infusion              Chrm           ##....       12%         1    #......


Dungeon Overview and Level Annotations

Branches:
Dungeon (2/15)

Altars:

Annotations:
D:2 1 exclusion, Sigmund, Terence


Message History

Your roots penetrate the ground.
* * * LOW HITPOINT WARNING * * *
You feel sick. The adder barely misses you.
You slash the adder!
The adder is almost dead.
* * * LOW HITPOINT WARNING * * *
You feel sick. The adder bites you.
* * * LOW HITPOINT WARNING * * *
You block the adder's attack.
You hit the adder.
The adder is almost dead.
* * * LOW HITPOINT WARNING * * *
You feel sick. The adder bites you.
* * * LOW HITPOINT WARNING * * *
You hit the adder!
You kill the adder!
* * * LOW HITPOINT WARNING * * *
You feel sick.
You swing at nothing.
You die...

#.##.##......####.#
#. #.###......# #.#
#.# #..###.###.#
..# #..# #.....#
### ##.###.#####
#...<.# ###.###
######.# #..♣...#
#.###### ####### ..
......) ## #######
###### #.....
#....# #...## #..##


There were no monsters in sight!

Vanquished Creatures
  3 adders (D:2)
  3 giant geckos (D:1)
  3 giant cockroaches
  5 hobgoblins (D:2)
  2 ball pythons (D:1)
  6 bats
  3 goblins
  5 jackals (D:1)
  5 kobolds
  34 rats
69 creatures vanquished.

Notes
Turn   | Place    | Note
--------------------------------------------------------------
     0 | D:1      | kae the High Elf Skald began the quest for the Orb.
     0 | D:1      | Reached XP level 1. HP: 14/14 MP: 4/4
   236 | D:1      | Reached XP level 2. HP: 8/19 MP: 3/6
  1310 | D:2      | Reached skill level 4 in Long Blades
  1502 | D:2      | Noticed Sigmund
  1561 | D:2      | Reached XP level 3. HP: 10/24 MP: 3/7
  2305 | D:2      | Reached skill level 5 in Long Blades
  2473 | D:2      | Reached XP level 4. HP: 26/29 MP: 0/8
  2563 | D:2      | Noticed Terence
  2858 | D:2      | HP: 2/43 [adder (3)]
  2860 | D:2      | Succumbed to an adder's poison

Vault maps used:
D:1:      tarquinn_simple_flora_water_c, minmay_misc_feat_enclosed,
          roderic_lattice_a
D:2:      first_bread, minmay_rats_cheesy_pizza, uniq_crazy_yiuf_cottage,
          uniq_sigmund, uniq_terence, uniq_robin

Action                   |  1- 3 |  4- 6 || total
-------------------------+-------+-------++-------
Melee: Falchion          |   154 |    60 ||   214
 Cast: Infusion          |    10 |     1 ||    11
  Use: Potion            |     5 |     1 ||     6
       Scroll            |       |     5 ||     5
 Stab: Sleeping          |     1 |       ||     1
  Eat: Chunk             |     5 |     1 ||     6
